 Dungeon Crawl Stone Soup version 0.31-a0-233-g139696dc86 (webtiles) character file.

Game seed: 5056530729959001570

28 qw the Shooter (level 2, -2/24 HPs)
             Began as a Minotaur Hexslinger on July 9, 2023.
             Slain by Terence
             ... wielding a +0 mace
              (13 damage)
             ... on level 2 of the Dungeon.
             The game lasted 00:00:19 (993 turns).

qw the Shooter (Minotaur Hexslinger)                 Turns: 993, Time: 00:00:19

Health: -2/24      AC:  5    Str: 12    XL:     2   Next: 96%
Magic:  2/2        EV: 10    Int: 10    God:
Gold:   123        SH:  0    Dex: 12    Spells: 2/3 levels left

rFire   . . .        Y - +2 sling (chaos)
rCold   . . .        (no shield)
rNeg    . . .        j - +0 ring mail
rPois   .            (helmet restricted)
rElec   .            (no cloak)
rCorr   .            (no gloves)
SInv    .            (no boots)
Will    .....        (no amulet)
Stlth   +            (no ring)
HPRegen 0.24/turn    (no ring)
MPRegen 0.08/turn

%: no passive effects
@: no status effects
A: horns 2, retaliatory headbutt
a: no special abilities


You were on level 2 of the Dungeon.
You visited 1 branch of the dungeon, and saw 2 of its levels.

You collected 123 gold pieces.


Innate Abilities, Weirdness & Mutations

You have a pair of horns on your head.
You reflexively headbutt those who attack you in melee.


   Skills:
 - Level 2.0 Fighting
 + Level 3.5 Ranged Weapons
 - Level 2.1 Dodging
 - Level 1.0 Spellcasting
 - Level 2.0 Hexes


You had 2 spell levels left.
You knew the following spells:

 Your Spells              Type           Power      Damage    Failure   Level
a - Slow                  Hex            16%        N/A       34%         1

Your spell library contained the following spells:

 Spells                   Type           Power      Damage    Failure   Level
 Inner Flame              Hex/Fire       2%         N/A       83%         3
 Portal Projectile        Hex/Tloc       4%         N/A       83%         3
 Cause Fear               Hex            2%         N/A       98%         4

Inventory:

Hand Weapons
 Y - a +2 sling of chaos (weapon)
Armour
 j - a +0 ring mail (worn)
Scrolls
 a - a scroll of identify
Potions
 e - a potion of invisibility {unknown}
 g - a potion of degeneration {unknown}
 k - a potion of ambrosia {unknown}

Dungeon Overview and Level Annotations

Branches:
Dungeon (2/15)

Altars:
Ashenzari

Annotations:
D:2 Terence


Message History

Enter note:
Enter note:
Enter note:
a - a scroll of identify
Enter note:
Enter note:
Enter note:
Found a sling.
Enter note:
Enter note:
Enter note: You open the door.
There is an open door here.
You now have 113 gold pieces (gained 9).
You now have 123 gold pieces (gained 10).
Terence the Incautious comes into view.
He is wielding a +0 mace.
Terence shouts!
A bat comes into view.
Enter note:
Enter note:
Enter note:
Enter note: You shoot a sling bullet.
The sling bullet barely misses Terence.
The bat hits you but does no damage.
You shoot a sling bullet.
The sling bullet closely misses Terence.
The bat hits you but does no damage. Terence hits you but does no damage.
You shoot a sling bullet. The sling bullet barely misses Terence.
The bat hits you but does no damage. Terence hits you with a +0 mace!
Terence hits you but does no damage. The bat barely misses you.
You shoot a sling bullet.
The sling bullet hits Terence but does no damage.
Terence is poisoned.
The bat closely misses you. Terence hits you with a +0 mace.
You shoot a sling bullet.
The sling bullet hits Terence but does no damage.
Terence seems to grow stronger.
The bat hits you but does no damage. Terence hits you with a +0 mace!
Ouch! That really hurt!
You die...

#.# #.# #.# #.# ####
### ##.## #..
...#####...# #.#
........<....
###.##.##.###.#...#
###$@.....#..........
#...@.b...#####.##.##
#.#.#.#...# #.##.# #
#.#.#...#####.##+##
#.#.#.........#...#
#.#.#.#.######.....
#.#.#...# ##......
#.#.......####.......
#............'.......


You could see Terence (strong, very poisoned) and a bat.

Vanquished Creatures
  A dart slug (D:1)
  4 ball pythons (D:1)
  4 bats (D:1)
  An endoplasm (D:1)
  2 giant cockroaches (D:1)
  2 goblins (D:1)
  3 kobolds (D:1)
  2 quokkas (D:1)
  3 frilled lizards (D:1)
  A rat (D:1)
23 creatures vanquished.

Notes
Turn   | Place    | Note
-------+----------+-------------------------------------------
     0 | D:1      | qw the Minotaur Hexslinger began the quest for the Orb.
     0 | D:1      | Reached XP level 1. HP: 16/16 MP: 1/1
     0 | D:1      | 0 ||| qw: Version: 0.3-a-51-g015441d
     0 | D:1      | 0 ||| qw: Game counter: 4033
     0 | D:1      | 0 ||| qw: Melee chars always use a shield: true
     0 | D:1      | 0 ||| qw: God list: Okawaru
     0 | D:1      | 0 ||| qw: Allow faded altars: false
     0 | D:1      | 0 ||| qw: Do Orc after clearing Dungeon:15 true
     0 | D:1      | 0 ||| qw: Do second Lair branch before Depths: true
     0 | D:1      | 0 ||| qw: Lair rune preference: random
     0 | D:1      | 0 ||| qw: Goals: Normal
     0 | D:1      | 0 ||| PLANNING D:1-11
     1 | D:1      | Noticed an electric eel
   104 | D:1      | Reached skill level 3 in Ranged Weapons
   131 | D:1      | Reached XP level 2. HP: 23/23 MP: 2/2
   755 | D:1      | 755 ||| UPGRADING to +0 leather armour.
   765 | D:1      | 765 ||| DROPPING +0 robe.
   766 | D:1      | 766 ||| UPGRADING to +0 ring mail.
   776 | D:1      | 776 ||| DROPPING +0 leather armour.
   777 | D:1      | 777 ||| READING scroll labelled UNOEH JUASS.
   778 | D:1      | 778 ||| READING scroll labelled QENKIU VAZOYC.
   779 | D:1      | 779 ||| READING scroll labelled TAL KATHOTOC.
   780 | D:1      | 780 ||| READING scroll labelled REHIM WONYM.
   781 | D:1      | 781 ||| DROPPING scroll of poison.
   833 | D:2      | Found a broken altar of Ashenzari.
   988 | D:2      | Noticed Terence
   993 | D:2      | Slain by Terence

Levels and vault maps discovered:
D:1:      arrival_aquarium_a, layout_basic
D:2:      layout_loops_corners, basic_altar, kennysheep_generic_room_10,
          uniq_terence

Skill      XL: |  1  2 |
---------------+-------+-----
Ranged Weapons | 3 |  3.5
Fighting       | 2 |  2.0
Dodging        | |  2.1
Spellcasting   | |  1.0
Hexes          | |  2.0

Action                     || total
---------------------------++-------
   Fire: Sling             ||    57
    Use: Scroll            ||     4
 Armour: Robe              ||     7
         Ring mail         ||     6
  Dodge: Dodged            ||    19

Table legend:
 A = Non-vault XP
 B = Vault XP
 C = Vault XP percentage of total XP
 D = Non-vault monster count
 E = Vault monster count
 F = Vault count percentage of total count
                 A         B        C        D         E       F
            +---------+---------+-------+---------+---------+-------
      Total |      40 |       0 |   0.0 |      23 |       0 |   0.0
            +---------+---------+-------+---------+---------+-------
        D:1 |      40 |       0 |   0.0 |      23 |       0 |   0.0
            +---------+---------+-------+---------+---------+-------
